Workbook

Sheet CDKOHSL

Sheet 说明
A1: 第五章 工程量清单
A2: 1. 工程量清单说明
A3: 1.1 本工程量清单是根据招标文件中包括的有合同约束力的工程量清单计量规则、图纸以及有关工程量清单的国家标准、行业标准、合同条款中约定的其他规则编制。约定计量规则中没有的子目，其工程量按照有合同约束力的图纸所标示尺寸的理论净量计算。计量采用中华人民共和国法定计量单位。
A4: 1.2 本工程量清单应与招标文件中的投标人须知，通用合同条款、专用合同条款、工程量清单计量规则、技术规范及图纸等一起阅读和理解。
A5: 1.3 本工程量清单中所列工程数量是估算的或设计的预计数量，仅作为投标报价的共同基础，不能作为最终结算与支付的依据。实际支付应按实际完成的工程量，由承包人按工程量清单计量规则规定的计量方法，以监理人认可的尺寸、断面计量，按本工程量清单的单价和总额价计算支付金额；或根据具体情况，按合同条款第15.4款的规定，按监理人确定的单价或总额价计算支付额。
A6: 1.4 工程量清单各章是按第八章“工程量清单计量规则”、第七章“技术规范”的相应章次编号的，因此，工程量清单中各章的工程子目的范围与计量等应与“工程量清单计量规则”、“技术规范”相应章节的范围、计量与支付条款结合起来理解或解释。
A7: 1.5 对作业和材料的一般说明或规定，未重复写入工程量清单内，在给工程量清单各子目标价前，应参阅第七章“技术规范”的有关内容。
A8: 1.6 工程量清单中所列工程量的变动，丝毫不会降低或影响合同条款的效力，也不免除承包人按规定的标准进行施工和修复缺陷的责任。
A9: 1.7 图纸中所列的工程数量表及数量汇总表仅是提供资料，不是工程量清单的外延。当图纸与工程量清单所列数量不一致时，以工程量清单所列数量作为报价的依据。
A10: 2. 投标报价的说明
A11: 2.1 工程量清单中的每一子目（有数量）须填入单价或价格，且只允许有一个报价。
A12: 2.2 除非合同另有规定，工程量清单中有标价的单价和总额价均已包括了为实施和完成合同工程所需的劳务、材料、机械、质检（自检）、安装、缺陷修复、管理、保险、税费、利润等费用，以及合同明示或暗示的所有责任、义务和一般风险。
... A23: 4.4临时交通安全设施以总额为单位计量，由承包人包干使用。计价中包括图纸所示及为保证工程安全、顺利完成所设置的所有临时交通安全设施的修建、养护、拆除等相关内容。

Sheet 100章
A1: 5.1 工程量清单表
A2: 工程量清单
A3: 清单 第100章 总 则
A4: =汇总表!A3 -> 合同段编号： | F4: 货币单位：人民币元
A5: 子目号 | B5: 子 目 名 称 | C5: 单 位 | D5: 数 量 | E5: 单价 | F5: 合价
A6: 101 | B6: 通则 | F6: =IF(E6>0,ROUND(D6*E6,0),"")
A7: 101-1 | B7: 保险费 | F7: =IF(E7>0,ROUND(D7*E7,0),"")
A8: -a | B8: 按合同条款规定，提供建筑工程一切险 | C8: 总额 | D8: 1 | E8: =IF(E13=0,0,ROUND(SUM(F10:F22,SUM(汇总表!D6:D11))*0.003,0)) -> 0 | F8: =IF(E8>0,ROUND(D8*E8,0),"")
A9: -b | B9: 按合同条款规定，提供第三方责任险 | C9: 总额 | D9: 1 | E9: =IF(E8=0,0,1000000*0.4%) -> 0 | F9: =IF(E9>=1000000*0.004,ROUND(D9*E9,0),"")
A10: 102 | B10: 工程管理 | F10: =IF(E10>0,ROUND(D10*E10,0),"")
A11: 102-1 | B11: 竣工文件 | C11: 总额 | D11: 1 | F11: =IF(E11>0,ROUND(D11*E11,0),"")
A12: 102-2 | B12: 施工环保费 | C12: 总额 | D12: 1 | F12: =IF(E12>0,ROUND(D12*E12,0),"")
A13: 102-3 | B13: 安全生产费(按最高投标限价的1.5%计列) | C13: 总额 | D13: 1 | F13: =IF(E13>0,ROUND(D13*E13,0),"") | G13: 安全生产费用需填入报价，方可显示本章节总价。
A14: 103 | B14: 临时工程与设施 | F14: =IF(E14>0,ROUND(D14*E14,0),"")
A15: 103-1 | B15: 临时道路修建、养护与拆除(包括原道路的养护) | C15: 总额 | D15: 1 | F15: =IF(E15>0,ROUND(D15*E15,0),"")
A16: 103-2 | B16: 临时占地 | C16: 总额 | D16: 1 | F16: =IF(E16>0,ROUND(D16*E16,0),"")
A17: 103-3 | B17: 临时供电设施架设、维护与拆除 | C17: 总额 | D17: 1 | F17: =IF(E17>0,ROUND(D17*E17,0),"")
A18: 103-4 | B18: 电信设施的提供、维修与拆除 | C18: 总额 | D18: 1 | F18: =IF(E18>0,ROUND(D18*E18,0),"")
A19: 103-5 | B19: 临时供水与排污设施 | C19: 总额 | D19: 1 | F19: =IF(E19>0,ROUND(D19*E19,0),"")
A20: 103-6 | B20: 临时交通安全设施 | C20: 总额 | D20: 1 | F20: =IF(E20>0,ROUND(D20*E20,0),"")
A21: 104 | B21: 承包人驻地建设 | F21: =IF(E21>0,ROUND(D21*E21,0),"")
A22: 104-1 | B22: 承包人驻地建设 | C22: 总额 | D22: 1 | F22: =IF(E22>0,ROUND(D22*E22,0),"")
A23: 清单 第100章合计 人民币(元) | F23: =IF(E13=0,0,SUM(F6:F22)) -> 0

Sheet 200章
A1: 工程量清单
A2: 清单 第200章 路基
A3: =汇总表!A3 -> 合同段编号： | F3: 货币单位：人民币元
A4: 子目号 | B4: 子 目 名 称 | C4: 单 位 | D4: 数 量 | E4: 单价 | F4: 合价
A5: 202 | B5: 场地清理 | F5: =IF(E5>0,ROUND(D5*E5,0),"")
A6: 202-2 | B6: 挖除、铣刨旧路面 | F6: =IF(E6>0,ROUND(D6*E6,0),"")
A7: -b | B7: 挖除沥青混凝土面层 | C7: m3 | D7: 12.8 | F7: =IF(E7>0,ROUND(D7*E7,0),"")
A8: -d | B8: 挖除石灰稳定砂砾基层 | C8: m3 | D8: 85.6 | F8: =IF(E8>0,ROUND(D8*E8,0),"")
A9: -e | B9: 铣刨沥青混凝土面层 | C9: m3 | D9: 2.8 | F9: =IF(E9>0,ROUND(D9*E9,0),"")
A10: -f | B10: 铣刨水泥混凝土面层 | C10: m3 | D10: 3 | F10: =IF(E10>0,ROUND(D10*E10,0),"")
A11: 204 | B11: 填方路基 | F11: =IF(E11>0,ROUND(D11*E11,0),"")
A12: 204-1 | B12: 路基填筑(包括填前压实) | F12: =IF(E12>0,ROUND(D12*E12,0),"")
A13: -j | B13: 平面交叉顺坡土方（利用路面拉毛废料） | C13: m3 | D13: 179.2 | F13: =IF(E13>0,ROUND(D13*E13,0),"")
A14: 清单 第200章合计 人民币(元) | F14: =SUM(F5:F13) -> 0

Sheet 300章
A1: 工程量清单
A2: 清单 第300章 路面
A3: =汇总表!A3 -> 合同段编号： | F3: 货币单位：人民币元
A4: 子目号 | B4: 子 目 名 称 | C4: 单 位 | D4: 数 量 | E4: 单价 | F4: 合价
A5: 304 | B5: 水泥稳定土底基层、基层 | F5: =IF(E5>0,ROUND(D5*E5,0),"")
A6: 304-4 | B6: 水泥混凝土基层 | F6: =IF(E6>0,ROUND(D6*E6,0),"")
A7: -a | B7: 厚230mm | C7: m2 | D7: 430 | F7: =IF(E7>0,ROUND(D7*E7,0),"")
A8: 308 | B8: 透层和黏层 | F8: =IF(E8>0,ROUND(D8*E8,0),"")
A9: 308-2 | B9: 黏层 | C9: m2 | D9: 17250 | F9: =IF(E9>0,ROUND(D9*E9,0),"")
A10: 309 | B10: 热拌沥青混合料面层 | F10: =IF(E10>0,ROUND(D10*E10,0),"")
A11: 309-1 | B11: 细粒式沥青混凝土 | F11: =IF(E11>0,ROUND(D11*E11,0),"")
A12: -a | B12: 厚30mm | C12: m2 | D12: 17450 | F12: =IF(E12>0,ROUND(D12*E12,0),"")
A13: -b | B13: 均厚15mm（找平层） | C13: m2 | D13: 17250 | F13: =IF(E13>0,ROUND(D13*E13,0),"")
A14: 313 | B14: 路肩培土、中央分隔带回填土、土路肩加固及路缘石 | F14: =IF(E14>0,ROUND(D14*E14,0),"")
A15: 313-1 | B15: 路肩培土 | C15: m3 | D15: 813.1 | F15: =IF(E15>0,ROUND(D15*E15,0),"")
A16: 313-5 | B16: 混凝土预制块路缘石 | F16: =IF(E16>0,ROUND(D16*E16,0),"")
A17: -a | B17: C30混凝土 | C17: m3 | D17: 73.9 | F17: =IF(E17>0,ROUND(D17*E17,0),"")
A18: 315 | B18: 路面其他工程 | F18: =IF(E18>0,ROUND(D18*E18,0),"")
A19: 315-1 | B19: 旧路面切缝 | F19: =IF(E19>0,ROUND(D19*E19,0),"")
A20: -a | B20: 面层切缝，厚度3cm | C20: m | D20: 262 | F20: =IF(E20>0,ROUND(D20*E20,0),"")
A21: -b | B21: 基层切缝，厚度20cm | C21: m | D21: 262 | F21: =IF(E21>0,ROUND(D21*E21,0),"")
A22: -c | B22: 切缝(假缝) | C22: m | D22: 90 | F22: =IF(E22>0,ROUND(D22*E22,0),"")
A23: 315-2 | B23: 旧路面拉毛处理 | C23: m2 | D23: 17010 | F23: =IF(E23>0,ROUND(D23*E23,0),"")
A24: 315-3 | B24: 玻璃纤维格栅 | C24: m2 | D24: 240 | F24: =IF(E24>0,ROUND(D24*E24,0),"")
A25: 清单 第300章合计 人民币(元) | F25: =SUM(F5:F24) -> 0

Sheet 600章
A1: 工程量清单
A2: 清单 第600章 交通安全设施
A3: =汇总表!A3 -> 合同段编号： | F3: 货币单位：人民币元
A4: 子目号 | B4: 子 目 名 称 | C4: 单 位 | D4: 数 量 | E4: 单价 | F4: 合价
A5: 602 | B5: 护栏 | F5: =IF(E5>0,ROUND(D5*E5,0),"")
A6: 602-3 | B6: 波形梁钢护栏 | F6: =IF(E6>0,ROUND(D6*E6,0),"")
A7: -a | B7: 路侧波形梁钢护栏 | F7: =IF(E7>0,ROUND(D7*E7,0),"")
A8: -a-1 | B8: Gr-B-2E | C8: m | D8: 8 | F8: =IF(E8>0,ROUND(D8*E8,0),"")
A9: -a-2 | B9: Gr-B-1B2 | C9: m | D9: 8 | F9: =IF(E9>0,ROUND(D9*E9,0),"")
A10: -c | B10: 波形梁钢护栏端头 | F10: =IF(E10>0,ROUND(D10*E10,0),"")
A11: -c-1 | B11: AT1-2 | C11: 个 | D11: 2 | F11: =IF(E11>0,ROUND(D11*E11,0),"")
A12: -c-2 | B12: AT2 | C12: 个 | D12: 2 | F12: =IF(E12>0,ROUND(D12*E12,0),"")
A13: 604 | B13: 道路交通标志 | F13: =IF(E13>0,ROUND(D13*E13,0),"")
A14: 604-1 | B14: 单柱式交通标志 | F14: =IF(E14>0,ROUND(D14*E14,0),"")
A15: -a | B15: ○800 | C15: 个 | D15: 2 | F15: =IF(E15>0,ROUND(D15*E15,0),"")
A16: -b | B16: △900 | C16: 个 | D16: 1 | F16: =IF(E16>0,ROUND(D16*E16,0),"")
A17: 605 | B17: 道路交通标线 | F17: =IF(E17>0,ROUND(D17*E17,0),"")
A18: 605-1 | B18: 路面标线 | F18: =IF(E18>0,ROUND(D18*E18,0),"")
A19: -a | B19: 热熔型涂料 | C19: m2 | D19: 166.7 | F19: =IF(E19>0,ROUND(D19*E19,0),"")
A20: 清单 第600章合计 人民币(元) | F20: =SUM(F5:F19) -> 0

Sheet 汇总表
A1: 5.4 投标报价汇总表
A3: 合同段编号： | D3: 货币单位：人民币元
A4: 序号 | B4: 章次 | C4: 科 目 名 称 | D4: 金额(元)
A5: 1 | B5: 100 | C5: 总则 | D5: ='100章'!F23 -> 0
A6: 2 | B6: 200 | C6: 路基 | D6: ='200章'!F14 -> 0
A7: 3 | B7: 300 | C7: 路面 | D7: ='300章'!F25 -> 0
A8: 4 | B8: 400 | C8: 桥梁、涵洞 | D8: 0
A9: 5 | B9: 500 | C9: 隧道 | D9: 0
A10: 6 | B10: 600 | C10: 交通安全设施 | D10: ='600章'!F20 -> 0
A11: 7 | B11: 700 | C11: 绿化及环境保护设施 | D11: 0
A12: 8 | B12: 第100章～700章清单合计 | D12: =IF(D5=0,0,SUM(D5:D11)) -> 0
A13: 9 | B13: 已包含在清单合计中的材料、工程设备、专业工程暂估价合计 | D13: 0
A14: 10 | B14: 清单合计减去材料、工程设备、专业工程暂估价 合计（即8-9=10） | D14: =IF(D12=0,0,D12-D13) -> 0
A15: 11 | B15: 计日工合计 | D15: 0
A16: 12 | B16: 暂列金额（不考虑） | D16: 0
A17: 13 | B17: 投标报价（即8+11+12=13） | D17: =IF(D12=0,0,D12+D15+D16) -> 0
